[Event "FIDE World Cup G12-B 2024"]
[Site "Batumi"]
[Date "2024.06.25"]
[Round "3.1"]
[White "Xu, Luna Yuexiu"]
[Black "Gunawardhana, Devindya Oshini"]
[Result "0-1"]
[ECO "C48"]
[WhiteElo "1761"]
[BlackElo "1980"]
[Annotator "NA RC"]
[PlyCount "68"]
[EventDate "2024.06.23"]
[EventType "swiss"]
[EventCountry "GEO"]
[SourceTitle "playchess.com"]
[Source "ChessBase"]
[SourceQuality "1"]
[TimeControl "5400+30"]

1. e4 e5 2. Nf3 Nc6 3. Nc3 Nf6 4. Bb5 Bd6 5. d4 exd4 6. Nxd4 O-O 7. O-O Nxd4 8. Qxd4 Re8 9. Re1 Be5 10. Qd3 c6 11. Ba4 b5 12. Bb3 a5 13. a4 b4 14. Na2 $2 (14. Ne2 $17) 14... Ba6 15. Qf3 Qb8 16. Kh1 h6 17. Rb1 c5 ({Not} 17... Bxh2 18. g3 c5 19. Bf4 $17 (19. Kxh2 c4 $17)) 18. c4 Bb7 $19 (18... Bxh2 19. g3 Bxg3 20. Qxg3 Qxg3 21. fxg3 $19) 19. Bc2 Bxh2 20. g3 b3 21. Bxb3 Rxe4 22. Be3 Rh4 23. Bd1 Bxf3+ 24. Bxf3 Bxg3+ 25. Kg1 Bh2+ 26. Kf1 Ra6 27. Bxc5 Qb3 28. Bg2 Qxc4+ 29. Re2 Qxc5 30. Rc1 Qg5 31. b3 Rg4 32. f3 Rd4 33. Rec2 Qe3 34. Rf2 Rd2 0-1

[Event "FIDE World Cup G12-B 2024"]
[Site "Batumi"]
[Date "2024.06.25"]
[Round "3.2"]
[White "Amanzhol, Khanzada"]
[Black "Pratitee Bordoloi"]
[Result "1-0"]
[ECO "B13"]
[WhiteElo "1685"]
[BlackElo "1796"]
[Annotator "NA RC"]
[PlyCount "163"]
[EventDate "2024.06.23"]
[EventType "swiss"]
[EventCountry "GEO"]
[SourceTitle "playchess.com"]
[Source "ChessBase"]
[SourceQuality "1"]
[TimeControl "5400+30"]

1. e4 c6 2. d4 d5 3. exd5 cxd5 4. Bd3 Nc6 5. c3 Nf6 6. h3 e5 7. dxe5 Nxe5 8. Nf3 Nxd3+ 9. Qxd3 Bd6 10. O-O O-O 11. Nd4 Ne4 12. Nd2 Re8 13. Re1 Nc5 14. Rxe8+ Qxe8 15. Qe2 Qxe2 16. Nxe2 Bf5 17. Nd4 Bg6 18. N2f3 Nd3 19. b3 Rc8 20. Bd2 Nc5 21. Nh4 Bd3 22. Nhf5 Bf8 23. Ne3 Rd8 24. Bc1 Ne6 25. Bb2 Nxd4 26. cxd4 g6 27. Rc1 Bb5 28. Ng4 Bc6 29. Ne5 Rc8 30. Ng4 h5 31. Nf6+ Kh8 32. Nxd5 Rd8 33. Ne3 Bg7 34. Rc2 Rd7 35. Rd2 Kg8 36. d5 Bb5 37. Bxg7 Kxg7 38. g3 Ba6 39. Kg2 b6 40. Kf3 f5 41. Kf4 Kf6 42. h4 Bb7 43. d6 b5 44. Nd5+ Bxd5 45. Rxd5 a6 46. Rd4 Ke6 47. Rd2 Kf6 48. Rd3 Ke6 49. Rd4 Kf6 50. Ke3 Ke5 51. Kd3 Rxd6 52. Rxd6 Kxd6 53. Kd4 a5 54. a3 f4 55. gxf4 Ke6 56. Ke4 Kf6 57. b4 a4 58. f5 gxf5+ 59. Kf4 Ke6 60. Kg5 Kd5 61. Kxh5 Kc4 62. Kg5 Kb3 63. h5 Kxa3 64. h6 Kb2 65. h7 a3 66. h8=Q+ Kb1 67. Kxf5 a2 68. Ke4 a1=Q 69. Qxa1+ Kxa1 70. Kd4 Kb2 71. f4 Kb3 72. Kc5 Kc3 73. f5 Kb3 74. f6 Ka3 75. f7 Kb3 76. f8=Q Ka4 77. Qa8+ Kb3 78. Kxb5 Kc3 79. Kc5 Kb2 80. Kc4 Kc2 81. Qa2+ Kd1 82. Kd3 1-0

[Event "FIDE World Cup G12-B 2024"]
[Site "Batumi"]
[Date "2024.06.25"]
[Round "3.3"]
[White "Abylaykyzy, Bibisara"]
[Black "Pavithra R V"]
[Result "1-0"]
[ECO "B23"]
[WhiteElo "1577"]
[BlackElo "1614"]
[Annotator "NA RC"]
[PlyCount "95"]
[EventDate "2024.06.23"]
[EventType "swiss"]
[EventCountry "GEO"]
[SourceTitle "playchess.com"]
[Source "ChessBase"]
[SourceQuality "1"]
[TimeControl "5400+30"]

1. e4 c5 2. Nc3 Nc6 3. Bb5 Nd4 4. Bc4 g6 5. Nf3 Bg7 6. Nxd4 cxd4 7. Qf3 e6 8. Nb5 Be5 9. c3 dxc3 10. d4 a6 11. dxe5 axb5 12. Bb3 cxb2 13. Bxb2 Ne7 14. O-O O-O 15. Qd3 Qb6 16. Bd4 Qa6 17. Bc5 Re8 18. Qf3 Nc6 19. Qf6 Qa5 20. Rfd1 Qc3 21. Bd6 Nd4 22. Rab1 Ra6 23. Kh1 Nxb3 24. Rxb3 Rxd6 25. Rg1 Qd4 26. Rf3 Rf8 27. exd6 Qxd6 28. Qg5 f5 29. exf5 exf5 30. Rc3 b6 31. Qc1 Bb7 32. Rd1 Qe6 33. Re3 Qf7 34. Qd2 Bc6 35. Rde1 f4 36. Re7 Qf6 37. f3 Rf7 38. R7e5 Kg7 39. Qf2 g5 40. Qxb6 g4 41. Qf2 gxf3 42. gxf3 d6 43. Rg1+ Kf8 44. Reg5 Qc3 45. Rg8+ Ke7 46. Re1+ Kf6 47. Qh4+ Kf5 48. Qg5# 1-0

[Event "FIDE World Cup G12-B 2024"]
[Site "Batumi"]
[Date "2024.06.25"]
[Round "3.4"]
[White "Sreekarthika Velmurugan"]
[Black "Siddhi Rao"]
[Result "1-0"]
[ECO "C54"]
[WhiteElo "1838"]
[BlackElo "1601"]
[Annotator "NA RC"]
[PlyCount "113"]
[EventDate "2024.06.23"]
[EventType "swiss"]
[EventCountry "GEO"]
[SourceTitle "playchess.com"]
[Source "ChessBase"]
[SourceQuality "1"]
[TimeControl "5400+30"]

1. e4 e5 2. Bc4 Nf6 3. d3 Nc6 4. Nf3 Bc5 5. c3 d6 6. Nbd2 O-O 7. O-O a5 8. h3 h6 9. Re1 Be6 10. Bb3 Qb8 11. Nf1 Qa7 12. Be3 Rfe8 13. Bc2 Bxe3 14. Nxe3 d5 15. Nh4 Rad8 16. Qf3 d4 17. Nef5 Kh7 18. Ba4 dxc3 19. bxc3 Qc5 20. d4 exd4 21. cxd4 Qb4 22. Bc2 Bxf5 23. Nxf5 Kh8 24. Qg3 Qf8 25. Rad1 g6 26. Qh4 Ng8 27. d5 Nb4 28. Ne3 Qc5 29. Bb1 Kg7 30. Qg3 Kf8 31. Rc1 Qd6 32. Qxd6+ cxd6 33. Nc4 b5 34. Nxa5 Nf6 35. a3 Na6 36. Bd3 Nc5 37. Bxb5 Rxe4 38. Rxe4 Nfxe4 39. f3 Nf6 40. Bc6 Rb8 41. Nc4 Nd3 42. Rd1 Rb3 43. a4 Ke7 44. a5 Nb4 45. Bb7 Kd7 46. a6 Kc7 47. Ra1 Nxa6 48. Bxa6 Nxd5 49. Rc1 Nc3 50. Nd2 Kb6 51. Nxb3 Kxa6 52. Rxc3 d5 53. Nd4 Ka7 54. Kf2 Ka8 55. Rb3 f5 56. Nc6 d4 57. Rb8# 1-0

[Event "FIDE World Cup G12-B 2024"]
[Site "Batumi"]
[Date "2024.06.25"]
[Round "3.5"]
[White "Bassari, Senem Gul"]
[Black "Vazquez Sanchez, Antia"]
[Result "1-0"]
[ECO "B43"]
[WhiteElo "1768"]
[BlackElo "1607"]
[Annotator "NA RC"]
[PlyCount "147"]
[EventDate "2024.06.23"]
[EventType "swiss"]
[EventCountry "GEO"]
[SourceTitle "playchess.com"]
[Source "ChessBase"]
[SourceQuality "1"]
[TimeControl "5400+30"]

1. e4 c5 2. Nf3 e6 3. d4 cxd4 4. Nxd4 a6 5. Nc3 Qc7 6. Qf3 Nc6 7. Nxc6 bxc6 8. Qg3 Qxg3 9. hxg3 d5 10. exd5 cxd5 11. Bd3 h6 12. Bd2 Nf6 13. O-O-O Ng4 14. Rhf1 Bc5 15. Be1 Bb7 16. Be2 h5 17. Kb1 d4 18. Na4 Ba7 19. Rg1 Rd8 20. Bf3 Bxf3 21. gxf3 Ne5 22. f4 Nf3 23. Rh1 Nxe1 24. Rhxe1 Ke7 25. Re5 Rd5 26. Re4 Rhd8 27. Rd3 Kf6 28. b3 Kf5 29. f3 f6 30. Nb2 g5 31. fxg5 fxg5 32. Nc4 Bb8 33. g4+ hxg4 34. Rxg4 Bf4 35. Nd2 Bxd2 36. Rxd2 d3 37. Ra4 dxc2+ 38. Rxc2 Rd1+ 39. Kb2 R8d6 40. Rc8 R1d4 41. Rf8+ Ke5 42. Ra5+ R4d5 43. Ra4 Rd4 44. Rxd4 Rxd4 45. Ra8 Rf4 46. Rxa6 Rxf3 47. b4 g4 48. Ra8 g3 49. b5 Rf7 50. Rg8 Kf4 51. a4 e5 52. b6 Rb7 53. a5 e4 54. Rg6 e3 55. a6 Re7 56. b7 Kf5 57. Rxg3 e2 58. Rg1 e1=Q 59. Rxe1 Rxe1 60. b8=Q Re2+ 61. Kc3 Re3+ 62. Kd2 Re5 63. Qxe5+ Kxe5 64. a7 Kd4 65. a8=Q Ke5 66. Qa4 Kd5 67. Kd3 Ke5 68. Qd4+ Kf5 69. Qe4+ Kf6 70. Kd4 Kg5 71. Ke5 Kh6 72. Kf6 Kh5 73. Qd4 Kh6 74. Qh4# 1-0

[Event "FIDE World Cup G12-B 2024"]
[Site "Batumi"]
[Date "2024.06.25"]
[Round "3.6"]
[White "Lu, Yichen"]
[Black "Li, Sophie"]
[Result "0-1"]
[ECO "C29"]
[WhiteElo "1561"]
[BlackElo "1764"]
[Annotator "NA RC"]
[PlyCount "72"]
[EventDate "2024.06.23"]
[EventType "swiss"]
[EventCountry "GEO"]
[SourceTitle "playchess.com"]
[Source "ChessBase"]
[SourceQuality "1"]
[TimeControl "5400+30"]

1. e4 e5 2. Nc3 Nf6 3. f4 d5 4. fxe5 Nxe4 5. Qf3 Nxc3 6. dxc3 Be6 7. Qg3 Nc6 8. Nf3 Qd7 9. Be3 Ne7 10. Nd4 Nf5 11. Nxf5 Bxf5 12. Qf2 a6 13. Bd3 Be6 14. O-O Be7 15. Qg3 O-O-O 16. b4 h5 17. Qf2 g5 18. a4 g4 19. Qe2 Rdg8 20. a5 c6 21. Rab1 h4 22. b5 cxb5 23. Bxb5 axb5 24. Rxb5 g3 25. Rfb1 gxh2+ 26. Kh1 h3 27. g3 d4 28. cxd4 Bd5+ 29. Kxh2 Rxg3 30. Kxg3 Rg8+ 31. Bg5 Rxg5+ 32. Kf4 Qf5+ 33. Ke3 Qe4+ 34. Kd2 Rg2 35. Qxg2 Qxg2+ 36. Kc3 Qf3+ 0-1

[Event "FIDE World Cup G12-B 2024"]
[Site "Batumi"]
[Date "2024.06.25"]
[Round "3.7"]
[White "Rusitashvili, Tea"]
[Black "Bakhshizada, Asnad"]
[Result "0-1"]
[ECO "B73"]
[WhiteElo "1535"]
[BlackElo "1748"]
[Annotator "NA RC"]
[PlyCount "71"]
[EventDate "2024.06.23"]
[EventType "swiss"]
[EventCountry "GEO"]
[SourceTitle "playchess.com"]
[Source "ChessBase"]
[SourceQuality "1"]
[TimeControl "5400+30"]

1. e4 c5 2. Nf3 d6 3. d4 cxd4 4. Nxd4 Nf6 5. Nc3 g6 6. Be2 Bg7 7. Be3 O-O 8. O-O Nc6 9. Qd2 Bd7 10. f4 Rc8 11. Nb3 Bg4 12. a3 Bxe2 13. Qxe2 a6 14. Rad1 Qc7 15. Nd4 e5 16. Nf3 Na5 17. Kh1 Nc4 18. Bc1 Nxa3 19. Rd3 Nc4 20. b3 Nb6 21. Ba3 Rfd8 22. fxe5 dxe5 23. Rfd1 Nh5 24. g3 Nf6 25. Kg2 Rxd3 26. Rxd3 Bf8 27. Bxf8 Kxf8 28. Ne1 Rd8 29. Rf3 Kg7 30. Qf2 Rd6 31. Qe2 Nbd7 32. h3 Nf8 33. Nb1 Ne6 34. Rd3 Nd4 35. Qd2 Nxe4 36. Qe2 0-1

[Event "FIDE World Cup G12-B 2024"]
[Site "Batumi"]
[Date "2024.06.25"]
[Round "3.8"]
[White "Tereshchenko, Eliza"]
[Black "Shomanova, Adiya"]
[Result "0-1"]
[ECO "D00"]
[WhiteElo "1694"]
[BlackElo "1542"]
[Annotator "NA RC"]
[PlyCount "32"]
[EventDate "2024.06.23"]
[EventType "swiss"]
[EventCountry "GEO"]
[SourceTitle "playchess.com"]
[Source "ChessBase"]
[SourceQuality "1"]
[TimeControl "5400+30"]

1. d4 d5 2. Bf4 Nf6 3. e3 c5 4. c3 Nc6 5. Nd2 Bf5 6. Qb3 Qb6 7. dxc5 Qxb3 8. axb3 e5 9. Bg3 Bxc5 10. Bb5 Bd6 11. Ngf3 Nd7 12. O-O-O Rc8 13. e4 Bg6 14. Bxc6 Rxc6 15. exd5 Rxc3+ 16. bxc3 Ba3# 0-1

[Event "FIDE World Cup G12-B 2024"]
[Site "Batumi"]
[Date "2024.06.25"]
[Round "3.9"]
[White "Gao, Lilianna"]
[Black "Amin-Erdene, Tsengel"]
[Result "0-1"]
[ECO "E42"]
[WhiteElo "1646"]
[BlackElo "1491"]
[Annotator "NA RC"]
[PlyCount "76"]
[EventDate "2024.06.23"]
[EventType "swiss"]
[EventCountry "GEO"]
[SourceTitle "playchess.com"]
[Source "ChessBase"]
[SourceQuality "1"]
[TimeControl "5400+30"]

1. d4 Nf6 2. c4 e6 3. Nc3 Bb4 4. e3 c5 5. Nge2 b6 6. a3 Ba5 7. Rb1 Qe7 8. d5 exd5 9. cxd5 Ne4 10. Qc2 Ba6 11. g3 Nxc3 12. bxc3 Qe5 13. Bg2 Bxe2 14. Qxe2 Bxc3+ 15. Bd2 Bxd2+ 16. Qxd2 d6 17. O-O O-O 18. f4 Qe7 19. e4 Nd7 20. e5 Rac8 21. e6 fxe6 22. dxe6 Nf6 23. f5 d5 24. Qg5 c4 25. Rf3 d4 26. h4 d3 27. a4 Rfd8 28. Bf1 d2 29. Be2 c3 30. Bd3 Rxd3 31. Rff1 c2 32. Ra1 d1=Q 33. Raxd1 cxd1=Q 34. Rxd1 Rxd1+ 35. Kg2 Rc2+ 36. Kf3 Rd3+ 37. Kf4 Rc4+ 38. Ke5 Qd6# 0-1

[Event "FIDE World Cup G12-B 2024"]
[Site "Batumi"]
[Date "2024.06.25"]
[Round "3.10"]
[White "QUICKPEN, Deborah Ebimobo-ere"]
[Black "Bechvaia, Anastasia"]
[Result "1-0"]
[ECO "E62"]
[WhiteElo "2048"]
[BlackElo "1549"]
[Annotator "RC"]
[PlyCount "111"]
[EventDate "2024.06.23"]
[EventType "swiss"]
[EventCountry "GEO"]
[SourceTitle "playchess.com"]
[Source "ChessBase"]
[SourceQuality "1"]
[TimeControl "5400+30"]

1. c4 d6 2. g3 Nf6 3. Bg2 g6 4. d4 Bg7 5. Nf3 O-O 6. Nc3 c6 7. e4 Bg4 8. O-O Re8 9. h3 Bxf3 10. Bxf3 Qc7 11. Be3 Nbd7 12. Qb3 e5 13. d5 Nf8 14. Rac1 Qd7 15. Kh2 h6 16. Rfd1 Red8 17. a4 c5 18. a5 a6 19. Na4 Qc7 20. Nb6 Rab8 21. Qa3 N6d7 22. b4 cxb4 23. Qxb4 Nc5 24. Bxc5 Qxc5 25. Qxc5 dxc5 26. Na4 Nd7 27. Bg4 Bf8 28. Rb1 h5 29. Bxd7 Rxd7 30. Rb6 Rd6 31. Rdb1 Rd7 32. Rxa6 Bd6 33. Rab6 f5 34. a6 fxe4 35. Rxb7 Rdxb7 36. Rxb7 Rxb7 37. axb7 Kf7 38. Nxc5 Bb8 39. Na6 Ba7 40. c5 Ke7 41. b8=Q Bxb8 42. Nxb8 Kd8 43. Nc6+ Kc7 44. Nxe5 g5 45. d6+ Kd8 46. c6 Kc8 47. d7+ Kc7 48. Nf7 g4 49. d8=Q+ Kxc6 50. Qd6+ Kb5 51. Ne5 gxh3 52. Qc6+ Kb4 53. Qc4+ Ka3 54. Qb5 e3 55. Nc4+ Ka2 56. Qb2# 1-0

[Event "FIDE World Cup G12-B 2024"]
[Site "Batumi"]
[Date "2024.06.25"]
[Round "3.12"]
[White "Kvirkvelia, Anastasia"]
[Black "Nakashidze, Nino"]
[Result "1/2-1/2"]
[ECO "A00"]
[WhiteElo "1440"]
[BlackElo "1618"]
[Annotator "NA RC"]
[PlyCount "122"]
[EventDate "2024.06.23"]
[EventType "swiss"]
[EventCountry "GEO"]
[SourceTitle "playchess.com"]
[Source "ChessBase"]
[SourceQuality "1"]
[TimeControl "5400+30"]

1. g3 d5 2. Bg2 Nf6 3. d3 h6 4. Nf3 e6 5. O-O Bd6 6. Bd2 O-O 7. Nc3 Bd7 8. h3 a6 9. Kh2 Nc6 10. e4 dxe4 11. dxe4 e5 12. Ng1 Nd4 13. f4 Qe7 14. f5 c6 15. Nf3 Nxf3+ 16. Qxf3 Rad8 17. g4 Nh7 18. Ne2 Ng5 19. Bxg5 Qxg5 20. Ng3 g6 21. Rad1 Bc5 22. Qb3 gxf5 23. gxf5 Bc8 24. Ne2 Rxd1 25. Rxd1 Kh8 26. Qc3 Be7 27. Qxe5+ Bf6 28. Qc5 Re8 29. Qc4 Bxf5 30. exf5 Rg8 31. Rg1 Be5+ 32. Kh1 Rf8 33. Bf3 Qf6 34. Qg4 Bxb2 35. Ng3 Bd4 36. Nh5 Qe5 37. f6 Qg5 38. Qxg5 hxg5 39. Rxg5 Kh7 40. Ng7 Bxf6 41. Be4+ Kh6 42. Rh5+ Kxg7 43. Rh7+ Kg8 44. h4 Re8 45. Bd3 b5 46. Kg2 c5 47. Rh5 c4 48. Bf1 Re5 49. Rxe5 Bxe5 50. Kf3 Kg7 51. Kg4 Kg6 52. h5+ Kh6 53. Be2 f6 54. Kf5 Bd4 55. Kg4 a5 56. Kf5 b4 57. Kg4 c3 58. Kf5 a4 59. Bd1 b3 60. cxb3 axb3 61. axb3 Be5 1/2-1/2